 Dungeon Crawl Stone Soup version 0.20.1-1-g8b1a95d (webtiles) character file.

53 Irenicus the Changer (level 3, 0/31 HPs)
             Began as a Deep Dwarf Transmuter on Oct 20, 2017.
             Slain by a quokka (1 damage)
             ... on level 2 of the Dungeon.
             The game lasted 00:03:57 (955 turns).

Irenicus the Changer (Deep Dwarf Transmuter)         Turns: 955, Time: 00:03:58

Health: 0/31       AC:  3    Str: 13    XL:     3   Next: 64%
Magic:  2/6        EV: 12    Int: 13    God:
Gold:   62         SH:  0    Dex: 14    Spells: 3/6 levels left

rFire    . . .     SeeInvis .     - Unarmed
rCold    . . .     Gourm    .   (no shield)
rNeg     . . .     Faith    .   g - +0 leather armour (curse)
rPois    .         Spirit   .   (no helmet)
rElec    .         Reflect  .   (no cloak)
rCorr    .         Harm     .   (no gloves)
MR       .....                  (no boots)
Stlth    +.........             (no amulet)
Regen    0.0/turn               (no ring)
MPRegen  0.1/turn               (no ring)

@: non-regenerating
A: damage resistance, heal wounds, sense surroundings 1, no regeneration
a: Heal Wounds


You were on level 2 of the Dungeon.
You were hungry.

You visited 1 branch of the dungeon, and saw 2 of its levels.

You collected 62 gold pieces.

Inventory:

Missiles
 a - an arrow
Armour
 b - a +0 robe
 g - a cursed +0 leather armour (worn)
Scrolls
 e - a scroll of remove curse {unknown}
 f - a scroll of fog {unknown}
 i - a scroll of identify {unknown}
 j - a scroll of enchant armour {unknown}
 l - a scroll of enchant weapon {unknown}
Potions
 k - a potion of brilliance {unknown}
 m - a potion of degeneration {unknown}
Books
 c - a book of Changes

   Spells                             Type                      Level
   a - Beastly Appendage              Transmutation                1
   b - Sticks to Snakes               Transmutation                2
   c - Spider Form                    Transmutation/Poison         3
   d - Ice Form                       Ice/Transmutation            4
   e - Blade Hands                    Transmutation                5
Comestibles
 d - a bread ration


   Skills:
 - Level 1.0 Fighting
 - Level 2.1 Dodging
 - Level 3.0 Unarmed Combat
 - Level 2.0 Spellcasting
 + Level 3.1 Transmutations


You had 3 spell levels left.
You knew the following spells:

 Your Spells              Type           Power        Failure   Level  Hunger
a - Beastly Appendage     Tmut           #.....       9%          1    ##.....
b - Sticks to Snakes      Tmut           #.......     13%         2    ###....


Dungeon Overview and Level Annotations

Branches:
Dungeon (2/15)

Altars:


Innate Abilities, Weirdness & Mutations

You are resistant to damage.
You can heal yourself by infusing magical energy.
You passively map a small area around you.
You do not regenerate.


Message History

Your adder withers and dies!
A quokka comes into view.
A quokka is nearby!
Found 2 gold pieces.
You hit the quokka but do no damage. The quokka bites you.
* * * LOW HITPOINT WARNING * * *
You hit the quokka but do no damage. The quokka bites you.
* * * LOW HITPOINT WARNING * * *
Casting: Sticks to Snakes
Confirm with . or Enter, or press ? or * to list all spells.
You create a snake!
You now have 1 arrow.
The quokka bites you.
* * * LOW HITPOINT WARNING * * *
You fail to use your ability.
The quokka barely misses you.
Okay, then.
You fail to use your ability.
The quokka bites you.
* * * LOW HITPOINT WARNING * * *
Your ball python barely misses the quokka.
Your ball python grabs the quokka.
Your ball python constricts the quokka.
The quokka bites you.
You die...

####......##.##......#
,, ,
#..'.........##......#*
#.##......#####....<.#
#.##......# #......#
####.##......# #......#
..........##.# #......#
, ..........##.#
#......# .........>##.#
###......
####'#######.###@r.####
####.#### #.....S.....#
*,, ........#
#####...###.# ....>...#
...## , ........# *
,##.# + , ...........,
* .. ,,, .######.....
... , , .# ......*,
...$ .# ###### .... ,,
*


You could see a quokka and a friendly ball python.

Vanquished Creatures
  2 dart slugs
  3 leopard geckos
  A ball python (D:1)
  A giant cockroach (D:1)
  A goblin (D:1)
  2 hobgoblins (D:1)
  3 jackals
  3 bats (D:1)
  A frilled lizard (D:1)
  4 kobolds (D:1)
  5 rats (D:1)
26 creatures vanquished.

Vanquished Creatures (collateral kills)
  3 adders (D:2)
  A leopard gecko (D:2)
  2 jackals (D:1)
6 creatures vanquished.

Grand Total: 32 creatures vanquished

Notes
Turn   | Place    | Note
-------+----------+-------------------------------------------
     0 | D:1      | Irenicus the Deep Dwarf Transmuter began the quest for the Orb.
     0 | D:1      | Reached XP level 1. HP: 16/16 MP: 3/3
   110 | D:1      | Reached XP level 2. HP: 15/24 MP: 2/4
   116 | D:1      | Learned a level 2 spell: Sticks to Snakes
   430 | D:1      | HP: 1/24 [dart slug/slug dart (5)]
   459 | D:1      | Reached skill level 1 in Fighting
   561 | D:1      | Reached XP level 3. HP: 14/31 MP: 3/5
   955 | D:2      | HP: 1/31 [quokka (1)]
   955 | D:2      | Slain by a quokka

Skill      XL: |  1  2  3 |
---------------+----------+-----
Unarmed Combat | 3 |  3.0
Transmutations | 2 3 |  3.1
Fighting       | 1 |  1.0
Spellcasting   | 2 |  2.0
Dodging        | |  2.1

Action                   || total
-------------------------++-------
Melee: Unarmed           ||   104
       Kick              ||     4
       Headbutt          ||     5
 Cast: Beastly Appendage ||    16
       Sticks to Snakes  ||    11
 Abil: Heal Wounds       ||     1
  Use: Potion            ||     1
 Stab: Sleeping          ||     1
  Eat: Chunk             ||     1
Armor: Robe              ||     1
       Leather armour    ||    16
Dodge: Dodged            ||    58
